Rangers vs Canucks

Created - June 3, 2017 at 19:03

Goals
1 2 3 T
Rangers 0 1 1 2
Canucks 1 0 3 4
Shots
1 2 3 T
Rangers 9 10 13 32
Canucks 8 5 13 26

1st period

1. Canucks , Jiri Hudler 3 (Alex Goligoski 5) at 14:40

Penalties :
No Penalty

2nd period

2. Rangers , Darren Reid 3 (Jakob Silfverberg 2, Cam Barker 1) at 16:34 (PP)

Penalties :
Bobby Butler (Van) for Tripping (Minor) at 2:22, Alex Tanguay (Van) for Holding (Minor) at 9:08, Ben Lovejoy (Van) for Hooking (Minor) at 15:21, Patrice Bergeron (NYR) for Hooking (Minor) at 17:25

3rd period

3. Canucks , Milan Michalek 1 (Maxim Afinogenov 6, Sami Lepisto 2) at 1:32
4. Rangers , James Neal 2 (Patrice Bergeron 4) at 3:22
5. Canucks , Patrick Eaves 2 (Maxim Lapierre 2, Bobby Butler 1) at 3:35
6. Canucks , Maxim Lapierre 1 (Ben Lovejoy 4, Nikolai Zherdev 4) at 13:36

Penalties :
Alexei Emelin (NYR) for Tripping (Minor) at 6:33, Artem Anisimov (NYR) for Slashing (Minor) at 8:49, Nick Pryor (Van) for Close Hand On Puck (Minor) at 17:27

Goalie Stats

Henrik Lundqvist (NYR), 22 saves from 26 shots - (0.846), L, 1-3-1, 60:00 minutes
Brent Krahn (Van), 30 saves from 32 shots - (0.938), W, 4-0-1, 60:00 minutes

Players Stats for Rangers

Player Name              G  A  P  +/- PIM S  H  SB GA TA FO     MP     PP MP  PK MP  
------------------------------------------------------------------------------------
Alexei Emelin            0  0  0   1  2   2  2  0  0  0  0/0    11:19   0:00   0:00 
Artem Anisimov           0  0  0  -2  2   4  0  0  1  0  5/8    14:10   2:35   0:27 
Cam Barker               0  1  1  -1  0   3  0  1  1  1  0/0    27:16   4:35   3:02 
Chris Bourque            0  0  0  -1  0   2  0  0  0  0  0/0    10:32   0:03   1:53 
Darren Reid              1  0  1  -2  0   5  0  0  1  0  1/2    15:07   4:38   0:00 
Jakob Silfverberg        0  1  1   0  0   0  2  0  3  0  0/0    16:50   4:17   0:00 
James Neal               1  0  1   0  0   4  1  0  1  0  0/2    19:32   4:17   0:00 
Mark Fistric             0  0  0  -1  0   0  4  1  0  3  0/0    26:05   2:35   3:02 
Matt Greene              0  0  0  -3  0   0  0  1  0  1  0/0    18:17   0:00   2:55 
Matt Read                0  0  0   0  0   2  0  1  0  0  1/1    18:06   2:50   0:00 
Mike Cammalleri          0  0  0   0  0   0  0  0  0  0  0/0    16:51   2:50   1:49 
Nathan Gerbe             0  0  0  -1  0   1  0  0  1  0  1/1     8:21   0:00   0:17 
Nick Foligno             0  0  0  -2  0   1  0  1  0  0  0/1    10:30   0:00   0:00 
Patrice Bergeron         0  1  1   0  2   2  1  0  0  0  13/25  22:15   4:17   1:58 
Ryan Suter               0  0  0  -3  0   0  1  1  0  2  0/0    15:12   0:00   0:00 
Staffan Kronwall         0  0  0   1  0   3  0  0  0  0  0/0    14:08   0:00   2:55 
Stephen Weiss            0  0  0   0  0   1  3  1  0  0  3/7    17:55   2:50   2:27 
Valtteri Filppula        0  0  0  -1  0   2  2  0  0  1  3/6    11:34   0:03   3:03 

Players Stats for Canucks

Player Name              G  A  P  +/- PIM S  H  SB GA TA FO     MP     PP MP  PK MP  
------------------------------------------------------------------------------------
Alex Goligoski           0  1  1   2  0   0  0  1  1  2  0/0    20:45   3:45   3:59 
Alex Tanguay             0  0  0   0  2   1  2  0  1  1  2/2    14:25   0:03   0:50 
Ben Lovejoy              0  1  1   1  2   2  2  3  0  1  0/0    20:30   0:00   3:25 
Bobby Butler             0  1  1   2  2   3  3  0  0  0  0/0    16:14   0:00   0:00 
Brendon Nash             0  0  0   1  0   0  1  0  0  0  0/0    12:55   2:12   0:00 
Clarke MacArthur         0  0  0   0  0   0  4  0  1  0  1/2    13:25   2:45   1:29 
Jiri Hudler              1  0  1   1  0   1  1  0  0  0  0/0    11:22   3:12   0:00 
Martin St. Louis         0  0  0   1  0   3  1  0  1  0  0/2    10:00   0:00   1:49 
Matt Stajan              0  0  0   0  0   0  1  1  0  0  4/10   15:36   0:00   2:19 
Maxim Afinogenov         0  1  1   0  0   0  1  0  0  2  5/9    15:54   3:12   3:52 
Maxim Lapierre           1  1  2   2  0   5  0  0  0  0  10/23  16:23   0:00   0:09 
Mike Ribeiro             0  0  0   0  0   1  1  0  1  0  2/3    12:42   0:00   3:52 
Milan Michalek           1  0  1   1  0   3  2  1  0  0  0/0    11:00   2:45   0:00 
Nick Pryor               0  0  0   1  2   0  0  0  0  0  0/0    23:03   3:45   0:34 
Nikolai Zherdev          0  1  1   0  0   4  0  0  0  1  1/1    16:25   3:09   0:00 
Patrick Eaves            1  0  1   2  0   1  2  0  2  0  1/1    19:21   2:45   0:00 
Ryan Parent              0  0  0   0  0   1  0  3  0  1  0/0    17:39   0:00   3:11 
Sami Lepisto             0  1  1   1  0   1  1  2  1  0  0/0    25:07   2:12   3:11 

3 Stars

1 - Maxim Lapierre (Van)
2 - Patrick Eaves (Van)
3 - Milan Michalek (Van)

Power Play

Rangers - 1 on 4 Attempt(s) - 25.00%
Canucks - 0 on 3 Attempt(s) - 0.00%

Penalty Kill

Rangers - 3 on 3 Attempt(s) - 100.00% - Score 0 goal in Penalty Kill
Canucks - 3 on 4 Attempt(s) - 75.00% - Score 0 goal in Penalty Kill

Team Stat

Rangers - Hits : 16 - Faceoff Wins : 27 - Blocked Shots : 7 - Penalty Minutes : 6
Canucks - Hits : 22 - Faceoff Wins : 26 - Blocked Shots : 11 - Penalty Minutes : 8

Official

Referees : Peel Tim and Banfield David
Linesman : Scott Driscoll and Lonnie Cameron

Game Notes

No Game Note

Finance

Level 1 -- Attendance: 4976 (82.93%) -- Ticket Income $427,936
Level 2 -- Attendance: 5000 (100.00%) -- Ticket Income $245,000
Level 3 -- Attendance: 2000 (100.00%) -- Ticket Income $60,000
Level 4 -- Attendance: 4000 (100.00%) -- Ticket Income $68,000
Luxury Box -- Attendance: 1000 (100.00%) -- Ticket Income $100,000
Game was played at the Budweiser Coliseum.
Total Attendance: 16976 (94.31%)
Total Ticket Income: $900,936
Other Income: $135,140
Total Income: $1,036,076

Rangers

5 vs 5 Forward 
   Center                   Left Wing                Right Wing               Time % Phy DF OF 
 1 Patrice Bergeron         Matt Read                James Neal               40     1   1  3  
 2 Stephen Weiss            Mike Cammalleri          Jakob Silfverberg        30     1   1  3  
 3 Artem Anisimov           Nick Foligno             Darren Reid              20     1   2  2  
 4 Valtteri Filppula        Nathan Gerbe             Chris Bourque            10     1   3  1  

5 vs 5 Defense 
   Defense                  Defense                                           Time % Phy DF OF 
 1 Cam Barker               Mark Fistric                                      40     1   2  2  
 2 Matt Greene              Ryan Suter                                        30     1   2  2  
 3 Staffan Kronwall         Alexei Emelin                                     20     1   2  2  
 4 Cam Barker               Mark Fistric                                      10     1   2  2  

PowerPlay Forward 
   Center                   Left Wing                Right Wing               Time % Phy DF OF 
 1 Patrice Bergeron         Jakob Silfverberg        James Neal               60     1   2  2  
 2 Stephen Weiss            Mike Cammalleri          Matt Read                40     1   2  2  

PowerPlay Defense
   Defense                  Defense                                           Time % Phy DF OF 
 1 Cam Barker               Darren Reid                                       60     1   2  2  
 2 Mark Fistric             Artem Anisimov                                    40     1   2  2  

Penalty Kill 4 Players Forward 
   Center                   Wing                     Time % Phy DF OF 
 1 Valtteri Filppula        Patrice Bergeron         60     1   2  2  
 2 Stephen Weiss            Mike Cammalleri          40     1   2  2  

Penalty Kill 4 Players Defense
   Defense                  Defense                  Time % Phy DF OF 
 1 Cam Barker               Mark Fistric             60     1   2  2  
 2 Matt Greene              Staffan Kronwall         40     1   2  2  

Penalty Kill - 3 Players Forward 
   Forward                                           Time % Phy DF OF 
 1 Valtteri Filppula                                 60     1   2  2  
 2 Patrice Bergeron                                  40     1   2  2  

Penalty Kill - 3 Players Defense
   Defense                  Defense                  Time % Phy DF OF 
 1 Cam Barker               Mark Fistric             60     1   2  2  
 2 Matt Greene              Staffan Kronwall         40     1   2  2  

4 vs 4 Forward 
   Center                   Wing                     Time % Phy DF OF 
 1 Patrice Bergeron         Artem Anisimov           60     1   2  2  
 2 Stephen Weiss            Mike Cammalleri          40     1   2  2  

4 vs 4 Defense
   Defense                  Defense                  Time % Phy DF OF 
 1 Cam Barker               Mark Fistric             60     1   2  2  
 2 Matt Greene              Ryan Suter               40     1   2  2  

Last Minutes Offensive
   Center                   Left Wing                Right Wing               Defense                  Defense                  
   Patrice Bergeron         Stephen Weiss            Darren Reid              Cam Barker               Mark Fistric             

Last Minutes Defensive
   Center                   Left Wing                Right Wing               Defense                  Defense                  
   Patrice Bergeron         Stephen Weiss            Darren Reid              Cam Barker               Mark Fistric             

Goaltenders
Starting : Henrik Lundqvist         
Backup : Braden Holtby            

Extra Forwards
Normal : Jakob Silfverberg, Matt Read, Valtteri Filppula - PP : Jakob Silfverberg, Matt Read - PK : Valtteri Filppula
Extra Defensemen
Normal : Ryan Suter, Cam Barker, Matt Greene - PP : Ryan Suter - PK : Mark Fistric, Matt Greene
Penalty Shots
Darren Reid, Patrice Bergeron, Stephen Weiss, Mike Cammalleri, Artem Anisimov

Scratches
Milan Lucic (Bruised Right Leg Injury), Hannu Toivonen (Healthy)

Canucks

5 vs 5 Forward 
   Center                   Left Wing                Right Wing               Time % Phy DF OF 
 1 Maxim Lapierre           Bobby Butler             Patrick Eaves            40     1   2  2  
 2 Matt Stajan              Alex Tanguay             Nikolai Zherdev          30     1   2  2  
 3 Mike Ribeiro             Clarke MacArthur         Maxim Afinogenov         20     1   2  2  
 4 Martin St. Louis         Milan Michalek           Jiri Hudler              10     1   2  2  

5 vs 5 Defense 
   Defense                  Defense                                           Time % Phy DF OF 
 1 Nick Pryor               Sami Lepisto                                      40     1   2  2  
 2 Ryan Parent              Ben Lovejoy                                       30     1   2  2  
 3 Brendon Nash             Alex Goligoski                                    20     1   2  2  
 4 Alex Goligoski           Ben Lovejoy                                       10     1   2  2  

PowerPlay Forward 
   Center                   Left Wing                Right Wing               Time % Phy DF OF 
 1 Maxim Afinogenov         Nikolai Zherdev          Jiri Hudler              60     1   2  2  
 2 Patrick Eaves            Clarke MacArthur         Milan Michalek           40     1   2  2  

PowerPlay Defense
   Defense                  Defense                                           Time % Phy DF OF 
 1 Nick Pryor               Alex Goligoski                                    60     1   2  2  
 2 Sami Lepisto             Brendon Nash                                      40     1   2  2  

Penalty Kill 4 Players Forward 
   Center                   Wing                     Time % Phy DF OF 
 1 Maxim Afinogenov         Mike Ribeiro             60     1   2  2  
 2 Martin St. Louis         Matt Stajan              40     1   2  2  

Penalty Kill 4 Players Defense
   Defense                  Defense                  Time % Phy DF OF 
 1 Alex Goligoski           Ben Lovejoy              60     1   2  2  
 2 Ryan Parent              Sami Lepisto             40     1   2  2  

Penalty Kill - 3 Players Forward 
   Forward                                           Time % Phy DF OF 
 1 Maxim Afinogenov                                  60     1   2  2  
 2 Mike Ribeiro                                      40     1   2  2  

Penalty Kill - 3 Players Defense
   Defense                  Defense                  Time % Phy DF OF 
 1 Alex Goligoski           Ben Lovejoy              60     1   2  2  
 2 Ryan Parent              Sami Lepisto             40     1   2  2  

4 vs 4 Forward 
   Center                   Wing                     Time % Phy DF OF 
 1 Maxim Afinogenov         Mike Ribeiro             60     1   2  2  
 2 Martin St. Louis         Matt Stajan              40     1   2  2  

4 vs 4 Defense
   Defense                  Defense                  Time % Phy DF OF 
 1 Alex Goligoski           Ben Lovejoy              60     1   2  2  
 2 Ryan Parent              Sami Lepisto             40     1   2  2  

Last Minutes Offensive
   Center                   Left Wing                Right Wing               Defense                  Defense                  
   Mike Ribeiro             Milan Michalek           Maxim Afinogenov         Alex Goligoski           Ben Lovejoy              

Last Minutes Defensive
   Center                   Left Wing                Right Wing               Defense                  Defense                  
   Mike Ribeiro             Milan Michalek           Maxim Afinogenov         Alex Goligoski           Ben Lovejoy              

Goaltenders
Starting : Brent Krahn              
Backup : Carey Price              

Extra Forwards
Normal : Patrick Eaves, Jiri Hudler, Alex Tanguay - PP : Patrick Eaves, Jiri Hudler - PK : Alex Tanguay
Extra Defensemen
Normal : Brendon Nash, Nick Pryor, Ryan Parent - PP : Brendon Nash - PK : Nick Pryor, Ryan Parent
Penalty Shots
Maxim Afinogenov, Mike Ribeiro, Martin St. Louis, Matt Stajan, Milan Michalek

Scratches
Doug Janik (Healthy), Tom Poti (Lacerated Left Calf Injury)

% Time on Ice - Rangers

Lines # - Real PCT - Wanted PCT - Time Play
Normal Forward
1 - 35% - 40% - 16:14
2 - 26% - 30% - 12:12
3 - 22% - 20% - 10:30
4 - 17% - 10% - 7:57
Normal Defense
1 - 38% - 40% - 17:52
2 - 36% - 30% - 16:49
3 - 23% - 20% - 10:35
4 - 3% - 10% - 1:37
PP Forward
1 - 60% - 60% - 4:20
2 - 40% - 40% - 2:50
PP Defense
1 - 64% - 60% - 4:35
2 - 36% - 40% - 2:35
PK Forward
1 - 82% - 60% - 4:51
2 - 18% - 40% - 1:06
PK Defense
1 - 51% - 60% - 3:02
2 - 49% - 40% - 2:55
PK3 Forward
1 - 0% - 60%
2 - 0% - 40%
PK3 Defense
1 - 0% - 60%
2 - 0% - 40%
44 Forward
1 - 0% - 60%
2 - 0% - 40%
44 Defense
1 - 0% - 60%
2 - 0% - 40%
Last Minute Offensive  - 0:00
Last Minute Defensive  - 0:00
Total
Forward - 60:00
Defense - 60:00

% Time on Ice - Canucks

Lines # - Real PCT - Wanted PCT - Time Play
Normal Forward
1 - 35% - 40% - 16:32
2 - 29% - 30% - 13:22
3 - 19% - 20% - 8:49
4 - 17% - 10% - 8:10
Normal Defense
1 - 40% - 40% - 18:44
2 - 32% - 30% - 15:09
3 - 19% - 20% - 8:54
4 - 9% - 10% - 4:06
PP Forward
1 - 54% - 60% - 3:12
2 - 46% - 40% - 2:45
PP Defense
1 - 63% - 60% - 3:45
2 - 37% - 40% - 2:12
PK Forward
1 - 75% - 60% - 5:21
2 - 25% - 40% - 1:49
PK Defense
1 - 56% - 60% - 3:59
2 - 44% - 40% - 3:11
PK3 Forward
1 - 0% - 60%
2 - 0% - 40%
PK3 Defense
1 - 0% - 60%
2 - 0% - 40%
44 Forward
1 - 0% - 60%
2 - 0% - 40%
44 Defense
1 - 0% - 60%
2 - 0% - 40%
Last Minute Offensive  - 0:00
Last Minute Defensive  - 0:00
Total
Forward - 60:00
Defense - 60:00

Play by Play

1st period


0:01 of 1st period - Patrice Bergeron wins face-off versus Maxim Lapierre in neutral zone.
0:08 of 1st period - Wrist shot by Patrice Bergeron.
0:08 of 1st period - Shot Misses the Net.
0:10 of 1st period - Wrist shot by James Neal.
0:10 of 1st period - Stopped by Brent Krahn with a rebound.
0:12 of 1st period - Wrist shot by Matt Read.
0:12 of 1st period - Shot Misses the Net.
0:26 of 1st period - Alex Tanguay is hit by Jakob Silfverberg and loses puck.
0:39 of 1st period - Mark Fistric is hit by Ben Lovejoy and loses puck.
0:47 of 1st period - Icing by Mark Fistric.
0:48 of 1st period - Mike Ribeiro wins face-off versus Stephen Weiss in Rangers zone.
1:21 of 1st period - Wrist shot by Milan Michalek.
1:21 of 1st period - Stopped by Henrik Lundqvist with a rebound.
1:32 of 1st period - Icing by Cam Barker.
1:33 of 1st period - Artem Anisimov wins face-off versus Maxim Lapierre in Rangers zone.
1:58 of 1st period - Cam Barker is hit by Clarke MacArthur.
2:04 of 1st period - Snap shot by James Neal.
2:04 of 1st period - Shot Misses the Net.
2:12 of 1st period - Snap shot by Clarke MacArthur.
2:12 of 1st period - Shot Blocked by Cam Barker.
3:22 of 1st period - Alex Goligoski is hit by Valtteri Filppula.
4:03 of 1st period - Nick Foligno is hit by Brendon Nash and loses puck.
4:22 of 1st period - Snap shot by Patrick Eaves.
4:22 of 1st period - Shot Misses the Net.
4:43 of 1st period - Wrist shot by Martin St. Louis.
4:43 of 1st period - Stopped by Henrik Lundqvist with a rebound.
4:45 of 1st period - Slapshot by Ryan Parent.
4:45 of 1st period - Stopped by Henrik Lundqvist without a rebound.
4:46 of 1st period - Patrice Bergeron wins face-off versus Matt Stajan in Rangers zone.
4:51 of 1st period - Alex Tanguay is hit by Alexei Emelin and loses puck.
5:10 of 1st period - Mike Cammalleri is hit by Bobby Butler and loses puck.
6:01 of 1st period - Slapshot by Mike Cammalleri.
6:01 of 1st period - Shot Misses the Net.
6:35 of 1st period - Snap shot by Martin St. Louis.
6:35 of 1st period - Shot Blocked by Stephen Weiss.
6:37 of 1st period - Wrist shot by Sami Lepisto.
6:37 of 1st period - Stopped by Henrik Lundqvist without a rebound.
6:38 of 1st period - Maxim Lapierre wins face-off versus Patrice Bergeron in Rangers zone.
6:56 of 1st period - Icing by Mark Fistric.
6:57 of 1st period - Patrice Bergeron wins face-off versus Matt Stajan in Rangers zone.
7:04 of 1st period - Alex Tanguay is hit by Patrice Bergeron and loses puck.
7:27 of 1st period - Snap shot by Darren Reid.
7:27 of 1st period - Stopped by Brent Krahn with a rebound.
8:11 of 1st period - Backhand shot by Alex Tanguay.
8:11 of 1st period - Shot Misses the Net.
9:05 of 1st period - Stephen Weiss is hit by Mike Ribeiro and loses puck.
10:30 of 1st period - Slapshot by Nathan Gerbe.
10:30 of 1st period - Shot Blocked by Ryan Parent.
10:34 of 1st period - Snap shot by Chris Bourque.
10:34 of 1st period - Shot Misses the Net.
10:36 of 1st period - Snap shot by Alexei Emelin.
10:36 of 1st period - Stopped by Brent Krahn without a rebound.
10:37 of 1st period - Maxim Lapierre wins face-off versus Patrice Bergeron in Canucks zone.
11:30 of 1st period - Snap shot by Chris Bourque.
11:30 of 1st period - Stopped by Brent Krahn with a rebound.
12:45 of 1st period - Snap shot by Jakob Silfverberg.
12:45 of 1st period - Shot Blocked by Ben Lovejoy.
12:47 of 1st period - Snap shot by Alexei Emelin.
12:47 of 1st period - Shot Blocked by Ben Lovejoy.
12:59 of 1st period - Wrist shot by Jakob Silfverberg.
12:59 of 1st period - Shot Misses the Net.
13:01 of 1st period - Slapshot by Alexei Emelin.
13:01 of 1st period - Shot Blocked by Milan Michalek.
13:03 of 1st period - Slapshot by Alexei Emelin.
13:03 of 1st period - Stopped by Brent Krahn with a rebound.
13:05 of 1st period - Slapshot by Alexei Emelin.
13:05 of 1st period - Deflect By Stephen Weiss.
13:05 of 1st period - Shot Blocked by Ryan Parent.
13:05 of 1st period - Puck is out of play.
13:06 of 1st period - Patrice Bergeron wins face-off versus Maxim Lapierre in Canucks zone.
13:40 of 1st period - Snap shot by Matt Stajan.
13:40 of 1st period - Shot Misses the Net.
13:42 of 1st period - Backhand shot by Sami Lepisto.
13:42 of 1st period - Shot Misses the Net.
14:40 of 1st period - Snap shot by Jiri Hudler.
14:40 of 1st period - Goal by Jiri Hudler - Rangers : 0 - Canucks : 1.
14:41 of 1st period - Patrice Bergeron wins face-off versus Maxim Lapierre in neutral zone.
14:43 of 1st period - Off-side.
14:44 of 1st period - Matt Read wins face-off versus Maxim Lapierre in neutral zone.
14:49 of 1st period - Snap shot by Maxim Lapierre.
14:49 of 1st period - Shot Misses the Net.
14:51 of 1st period - Slapshot by Maxim Lapierre.
14:51 of 1st period - Stopped by Henrik Lundqvist with a rebound.
14:53 of 1st period - Slapshot by Bobby Butler.
14:53 of 1st period - Stopped by Henrik Lundqvist without a rebound.
14:54 of 1st period - Maxim Lapierre wins face-off versus Patrice Bergeron in Rangers zone.
15:01 of 1st period - Snap shot by Maxim Lapierre.
15:01 of 1st period - Shot Misses the Net.
15:04 of 1st period - Icing by Mark Fistric.
15:05 of 1st period - Maxim Lapierre wins face-off versus Patrice Bergeron in Rangers zone.
15:06 of 1st period - Slapshot by Patrick Eaves.
15:06 of 1st period - Shot Blocked by Matt Read.
15:12 of 1st period - Wrist shot by Patrice Bergeron.
15:12 of 1st period - Stopped by Brent Krahn with a rebound.
15:14 of 1st period - Snap shot by Matt Read.
15:14 of 1st period - Stopped by Brent Krahn with a rebound.
15:38 of 1st period - Wrist shot by James Neal.
15:38 of 1st period - Shot Misses the Net.
15:50 of 1st period - Slapshot by Patrice Bergeron.
15:50 of 1st period - Shot Misses the Net.
15:52 of 1st period - Backhand shot by Cam Barker.
15:52 of 1st period - Stopped by Brent Krahn without a rebound.
15:53 of 1st period - Matt Stajan wins face-off versus Darren Reid in Canucks zone.
16:20 of 1st period - Matt Greene is hit by Clarke MacArthur and loses puck.
16:25 of 1st period - Snap shot by Maxim Afinogenov.
16:25 of 1st period - Shot Misses the Net.
17:11 of 1st period - Snap shot by Nikolai Zherdev.
17:11 of 1st period - Stopped by Henrik Lundqvist with a rebound.
17:27 of 1st period - Bobby Butler is hit by Mark Fistric and loses puck.
17:32 of 1st period - Snap shot by Patrice Bergeron.
17:32 of 1st period - Stopped by Brent Krahn with a rebound.
19:56 of 1st period - Patrice Bergeron is hit by Bobby Butler and loses puck.
Goals for this period are 0 for Rangers vs 1 for Canucks.
Shots for this period are 9 for Rangers vs 8 for Canucks.

2nd period


0:01 of 2nd period - Maxim Lapierre wins face-off versus Patrice Bergeron in neutral zone.
0:12 of 2nd period - Snap shot by Maxim Lapierre.
0:12 of 2nd period - Shot Misses the Net.
0:38 of 2nd period - Wrist shot by Stephen Weiss.
0:38 of 2nd period - Shot Misses the Net.
1:32 of 2nd period - Matt Read is hit by Jiri Hudler.
1:41 of 2nd period - Snap shot by Martin St. Louis.
1:41 of 2nd period - Deflect By Milan Michalek.
1:41 of 2nd period - Stopped by Henrik Lundqvist without a rebound.
1:42 of 2nd period - Alex Tanguay wins face-off versus Stephen Weiss in Rangers zone.
1:55 of 2nd period - Snap shot by Alex Tanguay.
1:55 of 2nd period - Stopped by Henrik Lundqvist with a rebound.
1:57 of 2nd period - Snap shot by Nikolai Zherdev.
1:57 of 2nd period - Stopped by Henrik Lundqvist without a rebound.
1:58 of 2nd period - Patrice Bergeron wins face-off versus Maxim Lapierre in Rangers zone.
2:22 of 2nd period - Minor Penalty to Bobby Butler for Tripping.
2:23 of 2nd period - Maxim Afinogenov wins face-off versus Patrice Bergeron in Canucks zone.
4:22 of 2nd period - Penalty to Bobby Butler is over, Bobby Butler is back on ice.
4:39 of 2nd period - Snap shot by Valtteri Filppula.
4:39 of 2nd period - Stopped by Brent Krahn with a rebound.
5:01 of 2nd period - Nick Pryor is hit by Jakob Silfverberg.
5:39 of 2nd period - Darren Reid is hit by Patrick Eaves and loses puck.
6:37 of 2nd period - Off-side.
6:38 of 2nd period - Artem Anisimov wins face-off versus Maxim Lapierre in neutral zone.
6:52 of 2nd period - Off-side.
6:53 of 2nd period - Alex Tanguay wins face-off versus Patrice Bergeron in neutral zone.
7:07 of 2nd period - Wrist shot by Alex Tanguay.
7:07 of 2nd period - Shot Misses the Net.
7:09 of 2nd period - Snap shot by Nikolai Zherdev.
7:09 of 2nd period - Stopped by Henrik Lundqvist with a rebound.
7:27 of 2nd period - Snap shot by Jakob Silfverberg.
7:27 of 2nd period - Shot Blocked by Ben Lovejoy.
8:01 of 2nd period - Snap shot by Artem Anisimov.
8:01 of 2nd period - Stopped by Brent Krahn without a rebound.
8:02 of 2nd period - Nathan Gerbe wins face-off versus Martin St. Louis in Canucks zone.
8:27 of 2nd period - Ryan Suter is hit by Patrick Eaves and loses puck.
9:08 of 2nd period - Minor Penalty to Alex Tanguay for Holding.
9:09 of 2nd period - Maxim Afinogenov wins face-off versus Patrice Bergeron in Canucks zone.
9:44 of 2nd period - Snap shot by Martin St. Louis.
9:44 of 2nd period - Stopped by Henrik Lundqvist with a rebound.
10:08 of 2nd period - Mike Ribeiro is hit by Stephen Weiss and loses puck.
11:08 of 2nd period - Penalty to Alex Tanguay is over, Alex Tanguay is back on ice.
13:05 of 2nd period - Nathan Gerbe is hit by Milan Michalek and loses puck.
13:18 of 2nd period - Jakob Silfverberg is hit by Ben Lovejoy and loses puck.
13:35 of 2nd period - Mark Fistric is hit by Matt Stajan and loses puck.
13:56 of 2nd period - Slapshot by Ben Lovejoy.
13:56 of 2nd period - Shot Blocked by Matt Greene.
14:21 of 2nd period - Icing by Alex Goligoski.
14:22 of 2nd period - Valtteri Filppula wins face-off versus Matt Stajan in Canucks zone.
14:23 of 2nd period - Snap shot by Nathan Gerbe.
14:23 of 2nd period - Shot Blocked by Alex Goligoski.
14:25 of 2nd period - Slapshot by Staffan Kronwall.
14:25 of 2nd period - Stopped by Brent Krahn without a rebound.
14:26 of 2nd period - Nikolai Zherdev wins face-off versus Valtteri Filppula in Canucks zone.
15:03 of 2nd period - Wrist shot by Nathan Gerbe.
15:03 of 2nd period - Shot Misses the Net.
15:05 of 2nd period - Slapshot by Alexei Emelin.
15:05 of 2nd period - Deflect By Valtteri Filppula.
15:05 of 2nd period - Stopped by Brent Krahn with a rebound.
15:07 of 2nd period - Backhand shot by Alexei Emelin.
15:07 of 2nd period - Deflect By Nathan Gerbe.
15:07 of 2nd period - Stopped by Brent Krahn with a rebound.
15:11 of 2nd period - Snap shot by Chris Bourque.
15:11 of 2nd period - Shot Blocked by Sami Lepisto.
15:13 of 2nd period - Slapshot by Nathan Gerbe.
15:13 of 2nd period - Shot Misses the Net.
15:15 of 2nd period - Backhand shot by Staffan Kronwall.
15:15 of 2nd period - Shot Misses the Net.
15:17 of 2nd period - Slapshot by Nathan Gerbe.
15:17 of 2nd period - Deflect By Valtteri Filppula.
15:17 of 2nd period - Shot Misses the Net.
15:17 of 2nd period - Puck is out of play.
15:18 of 2nd period - Patrice Bergeron wins face-off versus Maxim Lapierre in Canucks zone.
15:19 of 2nd period - Wrist shot by Matt Read.
15:19 of 2nd period - Stopped by Brent Krahn with a rebound.
15:21 of 2nd period - Minor Penalty to Ben Lovejoy for Hooking.
15:22 of 2nd period - Maxim Afinogenov wins face-off versus James Neal in Canucks zone.
15:33 of 2nd period - Wrist shot by James Neal.
15:33 of 2nd period - Stopped by Brent Krahn without a rebound.
15:34 of 2nd period - Maxim Afinogenov wins face-off versus Patrice Bergeron in Canucks zone.
16:32 of 2nd period - Snap shot by Jakob Silfverberg.
16:32 of 2nd period - Shot Blocked by Ryan Parent.
16:34 of 2nd period - Snap shot by Darren Reid.
16:34 of 2nd period - Goal by Darren Reid - Rangers : 1 - Canucks : 1.
16:35 of 2nd period - Maxim Lapierre wins face-off versus Valtteri Filppula in neutral zone.
16:40 of 2nd period - Maxim Lapierre is hit by Valtteri Filppula and loses puck.
16:45 of 2nd period - Snap shot by Chris Bourque.
16:45 of 2nd period - Stopped by Brent Krahn without a rebound.
16:46 of 2nd period - Artem Anisimov wins face-off versus Maxim Lapierre in Canucks zone.
16:49 of 2nd period - Slapshot by Cam Barker.
16:49 of 2nd period - Deflect By Darren Reid.
16:49 of 2nd period - Stopped by Brent Krahn without a rebound.
16:50 of 2nd period - Maxim Lapierre wins face-off versus Artem Anisimov in Canucks zone.
16:50 of 2nd period - Maxim Lapierre is hit by Mark Fistric.
17:00 of 2nd period - Slapshot by Sami Lepisto.
17:00 of 2nd period - Shot Misses the Net.
17:25 of 2nd period - Minor Penalty to Patrice Bergeron for Hooking.
17:26 of 2nd period - Valtteri Filppula wins face-off versus Maxim Afinogenov in Rangers zone.
18:02 of 2nd period - Snap shot by Milan Michalek.
18:02 of 2nd period - Shot Blocked by Mark Fistric.
19:25 of 2nd period - Penalty to Patrice Bergeron is over, Patrice Bergeron is back on ice.
19:34 of 2nd period - Off-side.
19:35 of 2nd period - Matt Stajan wins face-off versus James Neal in neutral zone.
Goals for this period are 1 for Rangers vs 0 for Canucks.
Shots for this period are 10 for Rangers vs 5 for Canucks.

3rd period


0:01 of 3rd period - Maxim Lapierre wins face-off versus Patrice Bergeron in neutral zone.
0:04 of 3rd period - James Neal is hit by Bobby Butler and loses puck.
0:15 of 3rd period - Snap shot by Bobby Butler.
0:15 of 3rd period - Stopped by Henrik Lundqvist without a rebound.
0:16 of 3rd period - Stephen Weiss wins face-off versus Matt Stajan in Rangers zone.
0:21 of 3rd period - Sami Lepisto is hit by Stephen Weiss and loses puck.
1:30 of 3rd period - Snap shot by Maxim Afinogenov.
1:30 of 3rd period - Shot Blocked by Nick Foligno.
1:32 of 3rd period - Wrist shot by Milan Michalek.
1:32 of 3rd period - Goal by Milan Michalek - Rangers : 1 - Canucks : 2.
1:33 of 3rd period - Maxim Lapierre wins face-off versus Patrice Bergeron in neutral zone.
1:45 of 3rd period - Off-side.
1:46 of 3rd period - Patrice Bergeron wins face-off versus Maxim Lapierre in neutral zone.
3:22 of 3rd period - Wrist shot by James Neal.
3:22 of 3rd period - Goal by James Neal - Rangers : 2 - Canucks : 2.
3:23 of 3rd period - Patrice Bergeron wins face-off versus Maxim Lapierre in neutral zone.
3:33 of 3rd period - Snap shot by Maxim Lapierre.
3:33 of 3rd period - Stopped by Henrik Lundqvist with a rebound.
3:35 of 3rd period - Snap shot by Patrick Eaves.
3:35 of 3rd period - Goal by Patrick Eaves - Rangers : 2 - Canucks : 3.
3:36 of 3rd period - Maxim Lapierre wins face-off versus Patrice Bergeron in neutral zone.
3:39 of 3rd period - Slapshot by Sami Lepisto.
3:39 of 3rd period - Shot Misses the Net.
3:45 of 3rd period - Slapshot by Cam Barker.
3:45 of 3rd period - Stopped by Brent Krahn with a rebound.
4:01 of 3rd period - Bobby Butler is hit by Mark Fistric and loses puck.
4:06 of 3rd period - Snap shot by Darren Reid.
4:06 of 3rd period - Deflect By Nick Foligno.
4:06 of 3rd period - Stopped by Brent Krahn without a rebound.
4:07 of 3rd period - Darren Reid wins face-off versus Matt Stajan in Canucks zone.
4:29 of 3rd period - Icing by Matt Greene.
4:30 of 3rd period - Artem Anisimov wins face-off versus Clarke MacArthur in Rangers zone.
5:21 of 3rd period - Snap shot by Darren Reid.
5:21 of 3rd period - Deflect By Artem Anisimov.
5:21 of 3rd period - Stopped by Brent Krahn without a rebound.
5:22 of 3rd period - Matt Stajan wins face-off versus Artem Anisimov in Canucks zone.
5:49 of 3rd period - Snap shot by Patrick Eaves.
5:49 of 3rd period - Shot Misses the Net.
6:13 of 3rd period - Wrist shot by Mike Ribeiro.
6:13 of 3rd period - Shot Misses the Net.
6:15 of 3rd period - Snap shot by Ben Lovejoy.
6:15 of 3rd period - Stopped by Henrik Lundqvist with a rebound.
6:17 of 3rd period - Slapshot by Ben Lovejoy.
6:17 of 3rd period - Stopped by Henrik Lundqvist without a rebound.
6:18 of 3rd period - Patrice Bergeron wins face-off versus Matt Stajan in Rangers zone.
6:29 of 3rd period - Matt Stajan is hit by Alexei Emelin and loses puck.
6:33 of 3rd period - Minor Penalty to Alexei Emelin for Tripping.
6:34 of 3rd period - Maxim Afinogenov wins face-off versus Valtteri Filppula in Rangers zone.
6:45 of 3rd period - Snap shot by Maxim Afinogenov.
6:45 of 3rd period - Shot Misses the Net.
6:47 of 3rd period - Wrist shot by Jiri Hudler.
6:47 of 3rd period - Shot Misses the Net.
8:25 of 3rd period - Patrice Bergeron is hit by Maxim Afinogenov and loses puck.
8:33 of 3rd period - Penalty to Alexei Emelin is over, Alexei Emelin is back on ice.
8:33 of 3rd period - Icing by Artem Anisimov.
8:34 of 3rd period - Patrick Eaves wins face-off versus Artem Anisimov in Rangers zone.
8:39 of 3rd period - Slapshot by Patrick Eaves.
8:39 of 3rd period - Shot Misses the Net.
8:41 of 3rd period - Snap shot by Bobby Butler.
8:41 of 3rd period - Shot Misses the Net.
8:43 of 3rd period - Snap shot by Bobby Butler.
8:43 of 3rd period - Deflect By Maxim Lapierre.
8:43 of 3rd period - Stopped by Henrik Lundqvist with a rebound.
8:49 of 3rd period - Minor Penalty to Artem Anisimov for Slashing.
8:50 of 3rd period - Valtteri Filppula wins face-off versus Maxim Afinogenov in Rangers zone.
9:15 of 3rd period - Cam Barker is hit by Clarke MacArthur.
9:57 of 3rd period - Slapshot by Staffan Kronwall.
9:57 of 3rd period - Stopped by Brent Krahn without a rebound.
9:58 of 3rd period - Stephen Weiss wins face-off versus Maxim Afinogenov in Canucks zone.
10:49 of 3rd period - Penalty to Artem Anisimov is over, Artem Anisimov is back on ice.
11:40 of 3rd period - Clarke MacArthur is hit by James Neal.
11:41 of 3rd period - Icing by Clarke MacArthur.
11:42 of 3rd period - Mike Ribeiro wins face-off versus Stephen Weiss in Canucks zone.
11:42 of 3rd period - Mike Ribeiro is hit by Stephen Weiss.
11:58 of 3rd period - Wrist shot by Mike Ribeiro.
11:58 of 3rd period - Stopped by Henrik Lundqvist with a rebound.
12:00 of 3rd period - Slapshot by Ryan Parent.
12:00 of 3rd period - Shot Misses the Net.
12:02 of 3rd period - Snap shot by Maxim Afinogenov.
12:02 of 3rd period - Deflect By Jakob Silfverberg.
12:02 of 3rd period - Shot Misses the Net.
12:02 of 3rd period - Puck is out of play.
12:03 of 3rd period - Patrice Bergeron wins face-off versus Maxim Lapierre in Rangers zone.
12:08 of 3rd period - Snap shot by Maxim Lapierre.
12:08 of 3rd period - Stopped by Henrik Lundqvist with a rebound.
12:29 of 3rd period - Mike Cammalleri is hit by Milan Michalek and loses puck.
12:55 of 3rd period - Artem Anisimov is hit by Alex Tanguay and loses puck.
13:04 of 3rd period - Snap shot by Nick Foligno.
13:04 of 3rd period - Shot Misses the Net.
13:06 of 3rd period - Wrist shot by Staffan Kronwall.
13:06 of 3rd period - Stopped by Brent Krahn with a rebound.
13:22 of 3rd period - Wrist shot by James Neal.
13:22 of 3rd period - Shot Blocked by Matt Stajan.
13:36 of 3rd period - Snap shot by Maxim Lapierre.
13:36 of 3rd period - Goal by Maxim Lapierre - Rangers : 2 - Canucks : 4.
13:37 of 3rd period - Patrice Bergeron wins face-off versus Maxim Lapierre in neutral zone.
14:26 of 3rd period - Brendon Nash is hit by Ryan Suter and loses puck.
14:31 of 3rd period - Snap shot by Artem Anisimov.
14:31 of 3rd period - Shot Misses the Net.
14:33 of 3rd period - Wrist shot by Artem Anisimov.
14:33 of 3rd period - Stopped by Brent Krahn with a rebound.
14:35 of 3rd period - Slapshot by Alexei Emelin.
14:35 of 3rd period - Shot Misses the Net.
14:51 of 3rd period - Slapshot by Martin St. Louis.
14:51 of 3rd period - Stopped by Henrik Lundqvist without a rebound.
14:52 of 3rd period - Stephen Weiss wins face-off versus Martin St. Louis in Rangers zone.
14:52 of 3rd period - Stephen Weiss is hit by Martin St. Louis.
15:00 of 3rd period - Ben Lovejoy is hit by Mark Fistric and loses puck.
15:23 of 3rd period - Snap shot by James Neal.
15:23 of 3rd period - Stopped by Brent Krahn with a rebound.
15:25 of 3rd period - Slapshot by Cam Barker.
15:25 of 3rd period - Stopped by Brent Krahn without a rebound.
15:26 of 3rd period - Clarke MacArthur wins face-off versus Nick Foligno in Canucks zone.
15:35 of 3rd period - Snap shot by Darren Reid.
15:35 of 3rd period - Stopped by Brent Krahn with a rebound.
15:37 of 3rd period - Snap shot by Artem Anisimov.
15:37 of 3rd period - Stopped by Brent Krahn with a rebound.
15:39 of 3rd period - Wrist shot by Nick Foligno.
15:39 of 3rd period - Shot Misses the Net.
15:41 of 3rd period - Slapshot by Ryan Suter.
15:41 of 3rd period - Shot Blocked by Sami Lepisto.
15:55 of 3rd period - Wrist shot by Maxim Lapierre.
15:55 of 3rd period - Shot Misses the Net.
15:57 of 3rd period - Slapshot by Patrick Eaves.
15:57 of 3rd period - Shot Blocked by Ryan Suter.
15:59 of 3rd period - Snap shot by Bobby Butler.
15:59 of 3rd period - Stopped by Henrik Lundqvist with a rebound.
16:01 of 3rd period - Slapshot by Bobby Butler.
16:01 of 3rd period - Shot Misses the Net.
16:19 of 3rd period - Slapshot by Stephen Weiss.
16:19 of 3rd period - Stopped by Brent Krahn without a rebound.
16:20 of 3rd period - Artem Anisimov wins face-off versus Mike Ribeiro in Canucks zone.
16:23 of 3rd period - Wrist shot by Darren Reid.
16:23 of 3rd period - Stopped by Brent Krahn with a rebound.
17:05 of 3rd period - Snap shot by Nikolai Zherdev.
17:05 of 3rd period - Stopped by Henrik Lundqvist without a rebound.
17:06 of 3rd period - Matt Stajan wins face-off versus Stephen Weiss in Rangers zone.
17:07 of 3rd period - Snap shot by Alex Tanguay.
17:07 of 3rd period - Shot Misses the Net.
17:14 of 3rd period - Cam Barker is hit by Alex Tanguay and loses puck.
17:27 of 3rd period - Minor Penalty to Nick Pryor for Close Hand On Puck.
17:28 of 3rd period - Patrice Bergeron wins face-off versus Maxim Afinogenov in Canucks zone.
19:26 of 3rd period - Mark Fistric is hit by Clarke MacArthur and loses puck.
19:27 of 3rd period - Penalty to Nick Pryor is over, Nick Pryor is back on ice.
19:49 of 3rd period - Alexei Emelin is hit by Sami Lepisto.
Goals for this period are 1 for Rangers vs 3 for Canucks.
Shots for this period are 13 for Rangers vs 13 for Canucks.